 Dungeon Crawl Stone Soup version 0.20-a0-1074-g6a0a8e1 (webtiles) character file.

2781 4thArraOfDagon the Spear-Bearer (level 9, -26/73 HPs)
             Began as a Demigod Fighter on Apr 27, 2017.
             Killed from afar by a raiju (31 damage)
             ... with a living lightning
             ... on level 10 of the Dungeon on Apr 29, 2017.
             The game lasted 00:25:14 (5259 turns).

4thArraOfDagon the Spear-Bearer (Demigod Fighter)   Turns: 5259, Time: 00:25:15

Health: -26/73     AC:  0    Str: 19    XL:     9   Next: 19%
Magic:  11/11      EV: 23    Int: 12    God:
Gold:   439        SH:  0    Dex: 26    Spells: 8/8 levels left

rFire    . . .     SeeInvis .   (weapon currently unavailable)
rCold    . . .     Gourm    .   (shield currently unavailable)
rNeg     . . .     Faith    .   (armour currently unavailable)
rPois    .         Spirit   .   (helmet currently unavailable)
rElec    .         Reflect  .   (cloak currently unavailable)
rCorr    .         Harm     +   (gloves currently unavailable)
MR       .....                  (boots currently unavailable)
Stlth    ++........             d - amulet of harm
Regen    0.3/turn               (ring currently unavailable)
MPRegen  0.2/turn               (ring currently unavailable)

@: bat-form, flying, very quick
A: high mp 1
a: no special abilities


You were on level 10 of the Dungeon.
You were hungry.
You were in bat-form.
You visited 1 branch of the dungeon, and saw 11 of its levels.

You collected 439 gold pieces.

Inventory:

Hand Weapons
 a - a +1 trident (melded)
 f - a +0 hand axe of freezing
 l - a +2 great mace of protection
Missiles
 q - 8 javelins (quivered)
Armour
 b - a +0 scale mail
 c - a +0 shield
 g - a +0 plate armour
 h - a +0 cloak (melded)
 k - a +0 ring mail of cold resistance (melded)
Magical Staves
 j - an uncursed staff of wizardry {!a}
Jewellery
 d - an amulet of harm (around neck)
 n - a ring of poison resistance (melded)
 u - a ring of fire (melded)
Wands
 p - a wand of disintegration (0/24)
 r - a wand of polymorph (7/24)
Scrolls
 i - 4 scrolls of identify
 m - 3 scrolls of remove curse
Comestibles
 o - 4 bread rations
 t - a meat ration


   Skills:
 + Level 4.8 Fighting
 * Level 9.8 Polearms
 + Level 5.0 Armour
 + Level 3.4 Dodging
 - Level 2.6 Shields


You had 8 spell levels left.
You didn't know any spells.

Dungeon Overview and Level Annotations

Branches:
Dungeon (11/15)              Lair (0/6) D:10            Orc (0/2) D:10
 Temple: D:4-7

Annotations:
D:9 Agrougrou's ghost, novice MiFi
D:10 Nergalle


Innate Abilities, Weirdness & Mutations

You have an increased reservoir of magic. (+10% MP)


Message History

Unknown command.
You feel better.
Unknown command.
The raiju bursts into living lightning!
The living lightning misses you.
The raiju blinks!
Unknown command.
Unknown command.
Unknown command.
Unknown command.
The raiju bursts into living lightning!
The living lightning misses you. The living lightning hits you!
* * * LOW HITPOINT WARNING * * *
The raiju blinks! x3
Unknown command.
Unknown command.
Unknown command.
Unknown command.
The raiju bursts into living lightning!
The living lightning hits you!
You die...

.......... ##. #.#
.....o#.# #.# #.#
##....Y..####. #.#
#.. #YY....§. #.#
#.# #..###### #.#
#.# #..# #.# #.#
#h.# #.# #.# #..#
#b###.####..#####
#...hY..Y.o.......
#####.############
#.# #.# #§# #.#
#.. ###


You could see 2 yaks and a raiju.

Vanquished Creatures
  A hornet (D:7)
  A hippogriff (D:8)
  A hungry ghost (D:7)
  An ice beast (D:5)
  3 centaurs
  An ogre (D:8)
  A big kobold (D:11)
  2 bullfrogs
  A water moccasin zombie (D:8)
  A water moccasin skeleton (D:5)
  5 killer bees
  5 wights (D:4)
  2 howler monkeys
  3 crimson imps
  A bullfrog zombie (D:6)
  2 quasits
  2 bullfrog skeletons
  3 hounds
  A centaur skeleton (D:6)
  2 centaur zombies
  4 orc wizards
  2 orc priests
  2 iguanas
  6 worker ants
  2 hound zombies
  16 adders
  4 gnolls (D:2)
  2 shadow imps
  2 adder skeletons
  A worm (D:2)
  2 dart slugs
  2 leopard geckos
  14 orcs
  3 bats
  3 giant cockroaches
  4 goblins
  5 hobgoblins
  6 jackals
  3 quokkas
  A frilled lizard (D:2)
  A giant cockroach zombie (D:5)
  16 kobolds
  2 quokka skeletons
  A quokka zombie (D:6)
  5 rats
148 creatures vanquished.

Vanquished Creatures (others)
  An adder skeleton (D:6)
1 creature vanquished.

Grand Total: 149 creatures vanquished

Notes
Turn   | Place    | Note
-------+----------+-------------------------------------------
     0 | D:1      | 4thArraOfDagon the Demigod Fighter began the quest for the Orb.
     0 | D:1      | Reached XP level 1. HP: 18/18 MP: 3/3
   139 | D:2      | Reached skill level 2 in Polearms
   160 | D:2      | Reached XP level 2. HP: 22/26 MP: 4/4
   176 | D:2      | Reached XP level 3. HP: 28/31 MP: 5/5
   477 | D:3      | Reached skill level 3 in Polearms
   852 | D:4      | Reached XP level 4. HP: 30/38 MP: 6/6
   867 | D:4      | Found a shimmering altar of Xom.
   868 | D:4      | Found a hazy altar of Hepliaklqana.
   868 | D:4      | Noticed a titan simulacrum
   869 | D:4      | Noticed a spectral ugly thing
   869 | D:4      | Noticed a titan simulacrum
   955 | D:5      | Entered Level 5 of the Dungeon
  1015 | D:6      | Upgraded the game from 0.20-a0-1062-g7b787ac to 0.20-a0-1074-g6a0a8e1
  1032 | D:6      | Noticed a bullfrog
  1043 | D:6      | Killed a bullfrog
  1043 | D:6      | Reached skill level 4 in Polearms
  1043 | D:6      | Reached XP level 5. HP: 23/45 MP: 7/7
  1087 | D:6      | Reached skill level 5 in Polearms
  1226 | D:7      | Noticed an ice beast
  1317 | D:7      | Reached XP level 6. HP: 27/51 MP: 8/8
  1568 | D:8      | Reached skill level 6 in Polearms
  2001 | D:8      | Reached skill level 7 in Polearms
  2001 | D:8      | Reached XP level 7. HP: 57/57 MP: 9/9
  2282 | D:8      | Noticed a hippogriff
  2290 | D:8      | Killed a hippogriff
  2290 | D:8      | Reached skill level 8 in Polearms
  2307 | D:9      | Noticed Agrougrou's ghost (novice MiFi)
  2351 | D:8      | Noticed a two-headed ogre
  2503 | D:7      | Noticed a hornet
  2670 | D:7      | Reached skill level 1 in Dodging
  2670 | D:7      | Reached XP level 8. HP: 11/63 MP: 10/10
  2936 | D:7      | Killed a hornet
  2970 | D:7      | Reached skill level 9 in Polearms
  4115 | D:5      | Found a shattered altar of Ashenzari.
  4182 | D:5      | 4thArraOfDagon: hi
  4392 | D:8      | Reached XP level 9. HP: 70/72 MP: 11/11
  4429 | D:8      | Noticed a two-headed ogre
  5016 | D:10     | Entered Level 10 of the Dungeon
  5094 | D:11     | Reached skill level 5 in Armour
  5148 | D:10     | Found a staircase to the Orcish Mines.
  5229 | D:10     | Found a staircase to the Lair.
  5233 | D:10     | Noticed Nergalle
  5259 | D:10     | Killed from afar by a raiju

Vault maps used:
D:1:      evilmike_arrival_crescent, minmay_split_cup_small
D:2:      kennysheep_jessica_study, uniq_robin, uniq_natasha
D:4:      regret_index_temple_of_mockery, overflow_temple_1_default, first_bread
D:5:      ashenzari_conservatory_becter
D:6:      gammafunk_temple_overflow_elements, minmay_temple_entry_grid,
          serial_undead, serial_undead_a, serial_undead_c, serial_undead_d,
          serial_undead_f, hangedman_abyss_or_decor_lesser_grid, minmay_holes,
          grunt_qazlal_clouds
D:9:      kennysheep_another_room, hangedman_fish_farm, st_stairs_14,
          uniq_erolcha
D:10:     minmay_lair_entry_lava, minmay_orc_entry_temple_small, serial_shops,
          shop, bloody_makhleb, uniq_maurice, uniq_nergalle
D:11:     minmay_librarian

Skill      XL: |  1  2  3  4  5  6  7  8  9 |
---------------+----------------------------+-----
Polearms       | 2 3 4 5 7 8 9 |  9.8
Fighting       | 3 4 |  4.8
Armour         | 3 4 5 |  5.0
Dodging        | 1 3 |  3.4
Shields        | |  2.6

Action                   |  1- 3 |  4- 6 |  7- 9 || total
-------------------------+-------+-------+-------++-------
Melee: Trident           |   102 |    98 |   378 ||   578
       Hand axe          |       |       |    37 ||    37
Evoke: Wand              |       |     4 |    10 ||    14
  Use: Scroll            |     2 |     4 |     7 ||    13
       Potion            |       |     5 |     7 ||    12
  Eat: Chunk             |       |     1 |     2 ||     3
       Fruit             |       |     6 |       ||     6
       Meat ration       |       |       |     2 ||     2
       Bread ration      |       |       |     1 ||     1
       Royal jelly       |       |       |     1 ||     1
Armor: Scale mail        |    28 |       |       ||    28
       Ring mail         |     3 |    33 |   133 ||   169
       Skin              |       |       |    67 ||    67
Dodge: Dodged            |    43 |    38 |   212 ||   293
